 Dungeon Crawl Stone Soup version 0.30-a0-305-g026cb31310 (webtiles) character file.

Game seed: 15797410535187551658

4503 pokeman the Thaumaturge (level 10, -1/46 (56) HPs)
             Began as a Deep Elf Hedge Wizard on Oct 21, 2022.
             Was an Initiate of Vehumet.
             Slain by a wight
             ... wielding a +2 flail of freezing
              (6 damage)
             ... on level 8 of the Dungeon.
             The game lasted 00:27:44 (9040 turns).

pokeman the Thaumaturge (Deep Elf Hedge Wizard)     Turns: 9040, Time: 00:27:44

HP:   -1/46 (56)    AC:  9    Str:  7    XL:     10   Next: 16%
MP:   3/29          EV: 13    Int: 24    God:    Vehumet [......]
Gold: 501           SH:  0    Dex: 14    Spells: 21/36 levels left

rFire   . . .      SeeInvis .    E - +2 spear (venom)
rCold   . . .      Faith    .    (no shield)
rNeg    . . .      Spirit   .    M - +0 steam dragon scales
rPois   .          Reflect  .    l - +0 helmet
rElec   .          Harm     .    m - +0 cloak
rCorr   .          Rampage  .    y - +0 pair of gloves
Will    ++...                    (no boots)
Stlth   ++........               L - amulet of regeneration
HPRegen 1.07/turn                I - ring of willpower
MPRegen 0.21/turn                (no ring)

@: studying Translocations, heavily drained
A: no striking features
a: Renounce Religion


You were on level 8 of the Dungeon.
You worshipped Vehumet.
Vehumet was noncommittal.
You visited 2 branches of the dungeon, and saw 9 of its levels.
You also visited: Ossuary.

You collected 501 gold pieces.

Inventory:

Hand Weapons
 e - a +2 sling of freezing
 E - a +2 spear of venom (weapon)
Armour
 l - a +0 helmet (worn)
 m - a +0 cloak (worn)
 y - a +0 pair of gloves (worn)
 K - a +0 buckler
 M - +0 steam dragon scales (worn)
Magical Staves
 b - a staff of poison
Jewellery
 o - a ring of fire
 w - a ring of ice
 I - a ring of willpower (left hand)
 L - an amulet of regeneration (around neck)
 N - a ring of fire
Wands
 t - a wand of flame (59)
 F - a wand of digging (4)
Scrolls
 a - 3 scrolls of poison {unknown}
 f - a scroll of enchant weapon {unknown}
 g - 3 scrolls of magic mapping {unknown}
 i - 2 scrolls of butterflies {unknown}
 j - 2 scrolls of immolation {unknown}
 k - a scroll of enchant armour {unknown}
 n - 6 scrolls of teleportation {unknown}
 q - 5 scrolls of identify {unknown}
 r - 2 scrolls of amnesia {unknown}
 v - 2 scrolls of vulnerability {unknown}
 x - 3 scrolls of silence {unknown}
 A - a scroll of acquirement {unknown}
 H - 3 scrolls of fear {unknown}
 J - a scroll of summoning {unknown}
Potions
 c - 3 potions of might
 d - 2 potions of magic
 h - 3 potions of cancellation {unknown}
 p - a potion of degeneration {unknown}
 s - 3 potions of brilliance {unknown}
 u - 3 potions of heal wounds {unknown}
 z - 5 potions of curing
 B - 2 potions of lignification {unknown}
 C - 3 potions of ambrosia {unknown}
 D - a potion of invisibility {unknown}
 G - a potion of mutation {unknown}


   Skills:
 - Level 3.1 Fighting
 - Level 3.0 Armour
 - Level 3.2 Dodging
 - Level 3.4 Stealth
 + Level 2.7 Shields
 * Level 13.6 Spellcasting
 + Level 7.7 Conjurations
 - Level 1.1 Summonings
 + Level 4.1 Necromancy
 - Level 1.1 Translocations
 - Level 1.3 Air Magic
 - Level 1.0 Poison Magic
 - Level 1.0 Evocations


You had 21 spell levels left.
You knew the following spells:

 Your Spells              Type           Power      Damage    Failure   Level
a - Magic Dart            Conj           100%       1d8       1%          1
b - Mephitic Cloud        Conj/Pois/Air  32%        N/A       2%          3
c - Call Imp              Summ           21%        N/A       3%          2
d - Blink                 Tloc           42%        N/A       3%          2
e - Haunt                 Necr/Summ      14%        N/A       100%        7

Your spell library contained the following spells:

 Spells                   Type           Power      Damage    Failure   Level
 Cigotuvi's Dreadful Rot  Necr/Pois/Air  52%        N/A       2%          2
 Slow                     Hex            64%        N/A       3%          1
 Animate Dead             Necr           36%        N/A       7%          4
 Infestation              Necr           18%        N/A       100%        8


Dungeon Overview and Level Annotations

Branches:
Dungeon (8/15)             Temple (1/1) D:7         Ossuary (visited)
   Lair: D:8-11

Altars:
Ashenzari
Cheibriados
Dithmenos
Gozag
Hepliaklqana
Nemelex Xobeh
Okawaru
Ru
Sif Muna
Uskayaw
Vehumet
Wu Jian
The Shining One

Shops:
D:4 =   D:5 :


Message History

Confirm with . or Enter, or press ? or * to list all spells.
Aiming: Magic Dart (safe; 1% risk of failure)
Press: ? - help, Shift-Dir - straight line, f/p - wight
Aim: a wight, wielding a +2 flail of freezing and wearing the +7 Kryia's mail coat {PotionHeal*2 rC+} (severely damaged, ally target, 100% to hit)
The magic dart hits the wight but does no damage.
The wight is severely damaged.
The wight hits you with a +2 flail of freezing!
You feel drained. The wight freezes you.
Your crimson imp hits the wight.
Casting: Magic Dart (safe; 1% risk of failure)
Confirm with . or Enter, or press ? or * to list all spells.
Aiming: Magic Dart (safe; 1% risk of failure)
Press: ? - help, Shift-Dir - straight line, f/p - wight
Aim: a wight, wielding a +2 flail of freezing and wearing the +7 Kryia's mail coat {PotionHeal*2 rC+} (almost destroyed, ally target, 100% to hit)
The magic dart hits the wight but does no damage.
The wight is almost destroyed.
The wight closely misses you.
Your crimson imp closely misses the wight.
Casting: Magic Dart (safe; 1% risk of failure)
Confirm with . or Enter, or press ? or * to list all spells.
Aiming: Magic Dart (safe; 1% risk of failure)
Press: ? - help, Shift-Dir - straight line, f/p - wight
Aim: a wight, wielding a +2 flail of freezing and wearing the +7 Kryia's mail coat {PotionHeal*2 rC+} (almost destroyed, ally target, 100% to hit)
The magic dart hits the wight but does no damage.
The wight is almost destroyed.
The wight hits you with a +2 flail of freezing!
You feel drained. The wight freezes you.
Your crimson imp blinks!
Casting: Magic Dart (safe; 1% risk of failure)
Confirm with . or Enter, or press ? or * to list all spells.
Aiming: Magic Dart (safe; 1% risk of failure)
Press: ? - help, Shift-Dir - straight line, f/p - wight
Aim: a wight, wielding a +2 flail of freezing and wearing the +7 Kryia's mail coat {PotionHeal*2 rC+} (severely damaged, ally target, 100% to hit)
The magic dart hits the wight.
The wight is almost destroyed.
The wight hits you with a +2 flail of freezing!
* * * LOW HITPOINT WARNING * * *
You feel drained.
* * * LOW HITPOINT WARNING * * *
The wight freezes you.
You die...

##.....##......##≈≈..##
#.................~.[≈##
#.........###.###...~≈~#######
#........## #<#####..≈~~≈..≈..
..##.......##...# #....~~≈≈~~.
####..........#)# #....#....≈~
.....#.#..#.#(######......#
#.....#.##.>......###......#
#.....#..#..)..@...#..#....~≈
#.#....z......##....#≈
#.#....§......# #####
#.............#
..###......5...#.#
...............#.###
######.###........#
##.#.....##...# #.....[..#
#..#


You could see a wight (ally target) and a friendly crimson imp (summoned).

Vanquished Creatures
  A two-headed ogre (D:8)
  Maggie (D:7)
  3 yaks (D:8)
  Grum (D:5)
  A steam dragon (D:3)
  A water moccasin (D:5)
  2 orc warriors
  2 ice beasts
  A sky beast (D:7)
  A black bear (D:5)
  A centaur (D:7)
  2 ogres
  A phantom (D:7)
  A kobold brigand (D:7)
  3 bullfrogs
  Blork the orc (D:6)
  2 gnoll sergeants (D:5)
  A scorpion (D:6)
  2 wights
  3 jellies
  A howler monkey (D:8)
  A human zombie (Ossuary)
  A centaur zombie (Ossuary)
  9 hounds
  A gnoll bouda (D:5)
  7 orc priests
  4 iguanas (D:5)
  7 orc wizards
  3 mummies
  8 gnolls
  7 adders
  A shadow imp (D:5)
  A white imp (D:6)
  An adder zombie (Ossuary)
  A worm (D:3)
  A dart slug (D:1)
  26 orcs
  11 ball pythons
  7 endoplasms
  2 giant cockroaches
  9 goblins
  8 hobgoblins
  3 jackals (D:4)
  3 quokkas
  12 bats
  4 frilled lizards
  2 goblin zombies (Ossuary)
  12 hobgoblin zombies (Ossuary)
  2 jackal zombies (Ossuary)
  12 kobolds
  8 kobold zombies (Ossuary)
  9 orc zombies (Ossuary)
  6 rats
221 creatures vanquished.

Vanquished Creatures (collateral kills)
  A kobold zombie (Ossuary)
1 creature vanquished.

Grand Total: 222 creatures vanquished

Notes
Turn   | Place    | Note
-------+----------+-------------------------------------------
     0 | D:1      | pokeman the Deep Elf Hedge Wizard began the quest for the
                  | Orb.
     0 | D:1      | Reached XP level 1. HP: 10/10 MP: 7/7
   234 | D:1      | Reached XP level 2. HP: 11/16 MP: 9/9
   600 | D:1      | Reached skill level 5 in Spellcasting
   711 | D:1      | Reached XP level 3. HP: 20/20 MP: 11/11
   715 | D:1      | Learned a level 3 spell: Mephitic Cloud
   718 | D:1      | Learned a level 2 spell: Call Imp
   721 | D:1      | Learned a level 2 spell: Blink
  1487 | D:2      | Reached skill level 1 in Fighting
  1515 | D:2      | Reached skill level 1 in Armour
  2017 | D:3      | Reached XP level 4. HP: 25/25 MP: 10/13
  2070 | D:3      | Noticed a steam dragon
  2094 | D:3      | Killed a steam dragon
  2095 | D:3      | Reached skill level 6 in Spellcasting
  2095 | D:3      | Reached XP level 5. HP: 29/29 MP: 10/15
  2777 | D:4      | Reached skill level 1 in Poison Magic
  2777 | D:4      | Reached XP level 6. HP: 34/34 MP: 14/17
  3132 | D:4      | Noticed an ice beast
  3178 | D:4      | Killed an ice beast
  3179 | D:4      | Reached skill level 7 in Spellcasting
  3179 | D:4      | Reached skill level 1 in Air Magic
  3179 | D:4      | Reached skill level 1 in Evocations
  3248 | D:4      | Found Valumet's Jewellery Boutique.
  3350 | D:5      | Entered Level 5 of the Dungeon
  3471 | D:5      | Reached XP level 7. HP: 34/38 MP: 4/20
  3591 | D:5      | Reached skill level 8 in Spellcasting
  3606 | D:5      | HP: 1/39 [hound (4)]
  4020 | D:4      | Reached skill level 9 in Spellcasting
  4205 | D:5      | Reached XP level 8. HP: 41/45 MP: 20/23
  4418 | D:5      | Reached skill level 5 in Conjurations
  4501 | D:5      | Noticed Grum
  4511 | D:5      | Killed Grum
  4512 | D:5      | Reached skill level 10 in Spellcasting
  4719 | D:5      | Found Puowki's Book Shoppe.
  5085 | D:5      | Found a hide-covered altar of Uskayaw.
  5221 | D:6      | Noticed Blork the orc
  5234 | D:6      | Killed Blork the orc
  5235 | D:6      | Reached skill level 11 in Spellcasting
  5396 | D:6      | Found a sand-covered staircase.
  5408 | Ossuary  | Entered an ossuary
  5630 | Ossuary  | Reached XP level 9. HP: 50/50 MP: 20/26
  6683 | D:7      | Reached skill level 12 in Spellcasting
  6896 | D:7      | Learned a level 7 spell: Haunt
  7174 | D:7      | Noticed Maggie
  7264 | D:7      | Killed Maggie
  7265 | D:7      | Reached skill level 1 in Shields
  7265 | D:7      | Reached skill level 1 in Necromancy
  7329 | D:7      | Found a staircase to the Ecumenical Temple.
  7335 | Temple   | Entered the Ecumenical Temple
  7403 | Temple   | Became a worshipper of Vehumet
  8115 | D:8      | Noticed a two-headed ogre
  8131 | D:8      | Killed a two-headed ogre
  8132 | D:8      | Reached skill level 13 in Spellcasting
  8147 | D:8      | Reached XP level 10. HP: 36/56 MP: 9/29
  9040 | D:8      | Slain by a wight

Illustrated notes

Levels and vault maps discovered:
D:1:      eino_arrival_tree_alley, layout_loops_corners, minmay_tall_x
D:2:      layout_loops_ring
D:3:      layout_rooms
D:4:      layout_loops_corners, nicolae_wooded_promenade, st_stairs_9
D:5:      layout_cave_pools, nicolae_uskayaw_suspiria, serial_gnoll_camp,
          gnoll_camp_mini_hut, grums_kennel, gnoll_camp_mini_shop,
          gnoll_camp_mini_hut, gnoll_camp_mini_house, minmay_manual_maat
D:6:      layout_basic, gup_ossuary_entry_pyramid, uniq_blork_the_orc
D:7:      layout_layer_cave, minmay_temple_entry_fiery,
          minmay_increasing_density, uniq_maggie
D:8:      layout_rooms, lemuel_zombie_altar_kikubaaqudgha, serial_rivers,
          chequers_serial_rivers_small_b, chequers_serial_rivers_small_b,
          chequers_serial_rivers_small_b, chequers_serial_rivers_large_a,
          chequers_serial_rivers_micro_d, chequers_serial_rivers_small_a,
          guppyfry_shop_venom
Temple:   regret_index_temple_waves

Skill      XL: |  1  2  3  4  5  6  7  8  9 10 |
---------------+-------------------------------+-----
Spellcasting   | 5 6 7 9 11 13 | 13.6
Fighting       | 1 2 3 |  3.1
Armour         | 1 2 3 |  3.0
Conjurations   | 2 3 4 6 7 |  7.7
Dodging        | 3 |  3.2
Stealth        | 3 |  3.4
Poison Magic   | 1 |  1.0
Air Magic      | 1 |  1.3
Evocations     | 1 |  1.0
Shields        | 2 |  2.7
Necromancy     | 3 4 |  4.1
Summonings     | |  1.1
Translocations | |  1.1

Action                   |  1- 3 |  4- 6 |  7- 9 | 10-12 || total
-------------------------+-------+-------+-------+-------++-------
Melee: Dagger            |       |       |    10 |       ||    10
       Spear             |       |       |    37 |    17 ||    54
 Fire: Sling             |    88 |    83 |   325 |    23 ||   519
 Cast: Magic Dart        |    20 |    57 |   178 |    90 ||   345
       Mephitic Cloud    |       |     2 |    49 |     6 ||    57
       Blink             |       |       |     4 |    12 ||    16
       Call Imp          |       |       |     6 |     3 ||     9
 Stab: Confused          |       |       |     3 |     3 ||     6
Armor: Robe              |     4 |       |       |       ||     4
       Leather armour    |     2 |    20 |    76 |       ||    98
       Steam dragon scal |       |       |    14 |    22 ||    36
Dodge: Dodged            |    27 |    45 |   178 |    40 ||   290

Table legend: (Time is in decaauts)
 A = Elapsed time spent in this place.
 B = Non-inter-level travel time spent in this place.
 C = Inter-level travel time spent in this place.
 D = Time resting spent in this place.
 E = Time spent auto-exploring this place.
 F = Levels seen in this place.
 G = Mean time per level.
                   A        B        C        D        E       F      G
               +--------+--------+--------+--------+--------+-----+--------+
         Total |   9274 |   8901 |    373 |    778 |   5713 |  10 |  927.4 |
       Dungeon |   8442 |   8100 |    342 |    726 |   5280 |   8 | 1055.2 |
        Temple |    100 |     69 |     31 |      0 |     52 |   1 |  100.0 |
       Ossuary |    731 |    731 |      0 |     52 |    381 |   1 |  731.0 |
               +--------+--------+--------+--------+--------+-----+--------+

Top non-repeatable levels by time:
     D:7: 1850 daAuts
     D:4: 1454 daAuts
     D:5: 1372 daAuts
     D:1: 1201 daAuts
     D:6: 769 daAuts
 Ossuary: 731 daAuts
     D:2: 728 daAuts
     D:8: 563 daAuts
     D:3: 502 daAuts
  Temple: 100 daAuts
